 Dungeon Sprint DCSS version 0.30-a0-860-g512cf1e979 (webtiles) character file.

Game seed: 14005313820024123184

235 BigDaddyOpFi the Chopper (level 6, -5/60 HPs)
             Began as a Hill Orc Fighter on Mar 7, 2023.
             Was an Initiate of Qazlal.
             Killed from afar by an acid dragon (26 damage)
             ... with a splash of acid
             ... in the Dungeon (Sprint IX: "|||||||||||||||||||||||||||||").
             The game lasted 00:00:49 (128 turns).

BigDaddyOpFi the Chopper (Hill Orc Fighter)          Turns: 128, Time: 00:00:49

Health: -5/60      AC: 10    Str: 24    XL:     6   Next: 5%
Magic:  5/9        EV:  8    Int:  8    God:    Qazlal [......]
Gold:   0          SH:  5    Dex: 10    Spells: 5/5 levels left

rFire   . . .      SeeInvis .    m - +3 war axe (heavy)
rCold   . . .      Faith    .    c - +0 buckler
rNeg    . . .      Spirit   .    n - +1 chain mail
rPois   .          Reflect  .    (no helmet)
rElec   .          Rampage  .    a - +0 cloak
rCorr   .          NoTele   +    (no gloves)
Will    .....                    (no boots) Stlth
                                 (no amulet)
HPRegen 0.30/turn                o - +2 ring of protection
MPRegen 0.11/turn                p - +3 ring of strength

@: corroded
A: no striking features
a: Renounce Religion


You were in the Dungeon.
You worshipped Qazlal.
Qazlal was noncommittal.
You visited 1 branch

Inventory:

Hand Weapons
 m - a +3 heavy war axe (weapon)
Armour
 a - a +0 cloak (worn)
 c - a +0 buckler (worn)
 n - a +1 chain mail (worn)
Jewellery
 o - a +2 ring of protection (left hand)
 p - a +3 ring of strength (right hand)
Wands
 l - a wand of roots (10)
Scrolls
 j - 2 scrolls of blinking
 k - 2 scrolls of amnesia
Potions
 d - a potion of invisibility
 e - 4 potions of curing
 f - 2 potions of heal wounds
 g - a potion of haste
 h - 4 potions of magic
 i - a potion of berserk rage


   Skills:
 + Level 7.6 Fighting
 + Level 7.8 Axes
 + Level 6.9 Armour
 + Level 7.1 Shields
 * Level 5.1 Invocations


You had 5 spell levels left.
You didn't know any spells.
Your spell library was empty.

Dungeon Overview and Level Annotations

Branches:
Dungeon (1/1)

Altars:
Cheibriados
Dithmenos
Elyvilon
Fedhas
Gozag
Hepliaklqana
Kikubaaqudgha
Makhleb
Nemelex Xobeh
Okawaru
Qazlal
Ru
Sif Muna
Trog
Uskayaw
Vehumet
Wu Jian
Xom
Yredelemnul
Zin
The Shining One
Beogh
Jiyva
Lugonu


Message History

The acid dragon spits acid at you. The splash of acid hits you!
The acid corrodes you!
The acid dragon bites you but does no damage.
The acid dragon claws you but does no damage.
You barely miss the acid dragon.
The acid dragon is moderately wounded.
The acid dragon bites you. The acid dragon claws you.
You block the acid dragon's attack. The acid dragon misses you.
You feel much better. The acid dragon spits acid at you.
The splash of acid hits you!!
You feel better. The acid dragon closely misses you.
The acid dragon claws you but does no damage.
You slice the acid dragon!!
You kill the acid dragon!
Qazlal accepts your kill.
Your Fighting skill increases to level 7!
Your Axes skill increases to level 7!
Your Shields skill increases to level 7!
Your Invocations skill gained 5 levels and is now at level 5!
You have reached level 6!
You barely miss the troll. The troll bites you but does no damage.
The troll claws you. The troll claws you but does no damage.
You block the troll's attack. The troll claws you.
The troll closely misses you.
You slice the troll!!
The troll is severely wounded.
The troll bites you. The troll closely misses you.
The troll claws you but does no damage. You block the troll's attack.
The troll closely misses you. x2
You completely miss the troll.
The troll is severely wounded.
The troll bites you but does no damage. The troll claws you but does no damage.
The troll claws you!
You slice the troll!!
You kill the troll!
Qazlal accepts your kill. The acid dragon spits acid at you.
The splash of acid hits you!!
You die... ▓▓▓▓▓▓▓▓▓▓▓▓▓▓▓▓▓▓▓▓▓▓▓▓ ______'..).[...[@†DcKY.+ ▓▓▓▓▓▓▓▓▓▓▓▓▓▓▓▓▓▓▓▓▓▓▓▓

You could see a yak, an acid dragon (catching breath), a kobold brigand and a centaur.

Vanquished Creatures
  A troll (D)
  An acid dragon (D)
  A scorpion (D)
  A hound (D)
  An iguana (D)
  An ufetubus (D)
  A dart slug (D)
  A quokka (D)
  A ball python (D)
  A frilled lizard (D)
  2 kobolds (D)
12 creatures vanquished.

Notes
Turn   | Place    | Note
-------+----------+-------------------------------------------
     0 | D        | BigDaddyOpFi the Hill Orc Fighter began the quest for the
                  | Orb.
     0 | D        | Reached XP level 1. HP: 19/19 MP: 1/1
    31 | D        | Noticed a scorpion
    31 | D        | Noticed a hound
    31 | D        | Noticed an iguana
    36 | D        | Killed a scorpion
    37 | D        | Reached skill level 5 in Fighting
    37 | D        | Reached skill level 5 in Axes
    37 | D        | Reached skill level 5 in Armour
    37 | D        | Reached skill level 5 in Shields
    37 | D        | Reached XP level 2. HP: 21/30 MP: 2/2
    37 | D        | Reached XP level 3. HP: 27/37 MP: 3/3
    37 | D        | Reached XP level 4. HP: 32/44 MP: 4/4
    46 | D        | Reached XP level 5. HP: 31/51 MP: 5/5
    51 | D        | Found a roughly hewn altar of Beogh.
    51 | D        | Found a snail-covered altar of Cheibriados.
    51 | D        | Found a shadowy altar of Dithmenos.
    51 | D        | Found a white marble altar of Elyvilon.
    51 | D        | Found a blossoming altar of Fedhas.
    51 | D        | Found an opulent altar of Gozag.
    52 | D        | Found a hazy altar of Hepliaklqana.
    53 | D        | Found a viscous altar of Jiyva.
    54 | D        | Found an ancient bone altar of Kikubaaqudgha.
    55 | D        | Found a corrupted altar of Lugonu.
    56 | D        | Found a burning altar of Makhleb.
    57 | D        | Found a sparkling altar of Nemelex Xobeh.
    58 | D        | Found an iron altar of Okawaru.
    59 | D        | Found a stormy altar of Qazlal.
    60 | D        | Found a sacrificial altar of Ru.
    61 | D        | Found a shimmering blue altar of Sif Muna.
    62 | D        | Found a bloodstained altar of Trog.
    63 | D        | Found a hide-covered altar of Uskayaw.
    64 | D        | Found a radiant altar of Vehumet.
    65 | D        | Found an ornate altar of the Wu Jian Council.
    66 | D        | Found a shimmering altar of Xom.
    67 | D        | Became a worshipper of Qazlal Stormbringer
    68 | D        | Found a basalt altar of Yredelemnul.
    69 | D        | Found a glowing silver altar of Zin.
    70 | D        | Found a glowing golden altar of the Shining One.
   117 | D        | Noticed an acid dragon
   117 | D        | Noticed a troll
   117 | D        | Noticed an acid dragon
   117 | D        | Noticed a centaur
   117 | D        | Noticed a kobold brigand
   117 | D        | Noticed a yak
   124 | D        | Killed an acid dragon
   125 | D        | Reached skill level 5 in Invocations
   125 | D        | Reached XP level 6. HP: 42/60 MP: 5/9
   128 | D        | Killed a troll
   128 | D        | Killed from afar by an acid dragon

Illustrated notes

Levels and vault maps discovered:
D:        linesprint [early_d, line_temple, items_1, d_10, items_2, lair_1,
          lair_end, items_3, orc_1, orc_end, items_4, d_15, swamp_1, shoals_1,
          snake_1, spider_1, d_20, vaults_1, items_5, swamp_end, shoals_end,
          snake_end, spider_end, vaults_end, d_27, items_6, zot_1, zot_end,
          crypt_end, forest_end, elf_end, slime_end, tomb_end, abyss_end,
          pan_hell_end]

Skill      XL: |  1  2  3  4  5 |
---------------+----------------+-----
Axes           | 5 6 7 |  7.8
Fighting       | 5 6 7 |  7.6
Armour         | 5 6 |  6.9
Shields        | 5 6 7 |  7.1
Invocations    | 5 |  5.1

Action                     |  1- 3 |  4- 6 || total
---------------------------+-------+-------++-------
  Melee: War axe           |    25 |    16 ||    41
    Use: Potion            |     1 |     2 ||     3
 Armour: Scale mail        |     6 |     3 ||     9
         Chain mail        |       |    10 ||    10
  Dodge: Dodged            |    18 |    11 ||    29
  Block: Buckler           |     6 |     6 ||    12

Table legend: (Time is in decaauts)
 A = Elapsed time spent in this place.
 B = Non-inter-level travel time spent in this place.
 C = Inter-level travel time spent in this place.
 D = Time resting spent in this place.
 E = Time spent auto-exploring this place.
 F = Levels seen in this place.
 G = Mean time per level.
                   A        B        C        D        E       F      G
               +--------+--------+--------+--------+--------+-----+--------+
         Total |    142 |    142 |      0 |      0 |      0 |   1 |  142.0 |
       Dungeon |    142 |    142 |      0 |      0 |      0 |   1 |  142.0 |
               +--------+--------+--------+--------+--------+-----+--------+

Top non-repeatable levels by time:
       D: 142 daAuts
